 Dungeon Crawl Stone Soup version 0.31-a0-986-g5e6e4ef867 (webtiles) character file.

Game seed: 7822549426141617595

111 horus123 the Magician (level 4, -3/33 HPs)
             Began as a Demigod Earth Elementalist on Nov 4, 2023.
             Slain by a hobgoblin (6 damage)
             ... led by Robin
             ... on level 4 of the Dungeon.
             The game lasted 00:05:19 (3290 turns).

horus123 the Magician (Demigod Earth Elementalist)  Turns: 3290, Time: 00:05:19

Health: -3/33      AC:  3    Str:  7 (9)  XL:     4   Next: 36%
Magic:  13/13      EV: 12    Int: 19 (21) God:
Gold:   85         SH:  0    Dex: 11 (14) Spells: 7/11 levels left

rFire   . . .        r - +3 halberd (distort)
rCold   . . .        (shield currently unavailable)
rNeg    . . .        a - +0 robe
rPois   .            (no helmet)
rElec   .            g - +0 cloak
rCorr   .            (no gloves)
SInv    .            (no boots)
Will    +....        m - amulet of regeneration
Stlth   ++           k - ring of willpower
HPRegen 1.05/turn    p - +4 ring of slaying
MPRegen 0.13/turn

%: no passive effects
@: no status effects
A: high MP 1, forlorn, divine attributes
a: no special abilities


You were on level 4 of the Dungeon.
You visited 1 branch of the dungeon, and saw 4 of its levels.

You collected 218 gold pieces.
You spent 133 gold pieces at shops.

Inventory:

Hand Weapons
 r - a +3 halberd of distortion (weapon)
Armour
 a - a +0 robe (worn)
 g - a +0 cloak (worn)
 t - the +0 pair of gloves of Vanity {Int+2 Stlth+}
   (You found it on level 4 of the Dungeon)

   Int+2:     It affects your intelligence (+2).
   Stlth+:    It makes you more stealthy.
Jewellery
 k - a ring of willpower (left hand)
 m - an amulet of regeneration (around neck)
 p - a +4 ring of slaying (right hand)
Scrolls
 c - 4 scrolls of identify {unknown}
 d - 2 scrolls of revelation {unknown}
 e - 3 scrolls of teleportation {unknown}
 h - a scroll of noise {unknown}
 i - a scroll of vulnerability {unknown}
 o - a scroll of acquirement {unknown}
 q - a scroll of enchant weapon {unknown}
Potions
 b - a potion of magic
 f - a potion of ambrosia {unknown}
 l - a potion of degeneration
 n - a potion of curing {unknown}
 s - a potion of haste {unknown}


   Skills:
 - Level 1.7 Dodging
 - Level 1.7 Stealth
 - Level 4.0 Spellcasting
 - Level 0.8 Transmutations
 + Level 3.0 Earth Magic


You had 7 spell levels left.
You knew the following spells:

 Your Spells              Type           Power      Damage    Failure   Level
a - Sandblast             Erth           30%        2d9       4%          1
b - Stone Arrow           Conj/Erth      18%        3d8       22%         3

Your spell library contained the following spells:

 Spells                   Type           Power      Damage    Failure   Level
 Passwall                 Tmut/Erth      9%         N/A       10%         2
 Tukima's Dance           Hex            3%         N/A       38%         3
 Petrify                  Tmut/Erth      11%        N/A       52%         4
 Brom's Barrelling Bould  Conj/Erth      9%         2d3       58%         4
 Dimensional Bullseye     Hex/Tloc       1%         N/A       80%         4
 Iskenderun's Mystic Bla  Conj/Tloc      3%         2d3       80%         4


Dungeon Overview and Level Annotations

Branches:
Dungeon (4/15)
 Temple: D:4-7

Shops:
D:3 (

Annotations:
D:4 Robin


Innate Abilities, Weirdness & Mutations

You have an increased reservoir of magic. (+10% MP)
You shall have no god before yourself.
Your divine heritage dramatically boosts your attributes as you level up.


Message History

The hobgoblin misses you.
Robin roars a battlecry!
The goblins go into a battle-frenzy!
The hobgoblin attacks as it pursues you!
The hobgoblin closely misses you.
Robin says, "A pitiful Demigod like you will never find the ORB!"
The hobgoblin hits you. The hobgoblin completely misses you.
The hobgoblin attacks as it pursues you!
The hobgoblin hits you. The hobgoblin barely misses you.
The goblin attacks as it pursues you! The goblin hits you with a +0 club. x2
The goblin attacks as it pursues you! The goblin hits you with a +0 club.
The goblin closely misses you.
The hobgoblin hits you but does no damage.
Robin hits you with a +0 club.
* * * LOW HITPOINT WARNING * * *
Robin throws the goblin at you! The goblin barely misses you.
The hobgoblin attacks as it pursues you!
The hobgoblin closely misses you. Robin throws the goblin at you!
You closely miss the goblin. The hobgoblin closely misses you.
The goblin barely misses you. The hobgoblin barely misses you.
The goblin misses you. Robin throws the goblin at you!
The goblin hits you with a +0 dagger. The hobgoblin hits you.
* * * LOW HITPOINT WARNING * * *
The goblin barely misses you. The hobgoblin closely misses you.
The goblin completely misses you.
It was a potion of cancellation.
You feel magically purged. The goblin completely misses you.
The goblin barely misses you. The goblin hits you with a +0 club.
* * * LOW HITPOINT WARNING * * *
The goblin completely misses you. The hobgoblin misses you.
It was a potion of degeneration.
There was something very wrong with that liquid.
You feel weakened.
You feel dopey.
You feel clumsy.
The hobgoblin no longer looks unusually strong.
The goblin closely misses you. The goblin hits you but does no damage.
The goblin hits you with a +0 club.
* * * LOW HITPOINT WARNING * * *
The hobgoblin misses you. The hobgoblin hits you.
You die...

#.$.#...))#'#####'#
#...#.....#.g......
#...#.....#..gg....
#...'.....#...g....
#...#.....#.....g..
######.....#######'#
#..g.........)# ..#
#..gg.........# g.g.
#.g@gg........#.g...
#.ggg.........#.....
#.............#.....
####+####.....#.....
+.....######
#.....>.....
#...........
#.....).....
####'#..<...


You could see Robin, 4 hobgoblins and 4 goblins.

Vanquished Creatures
  Terence (D:2)
  2 gnolls (D:1)
  A worm (D:2)
  A dart slug (D:4)
  9 bats
  5 endoplasms
  4 giant cockroaches
  5 hobgoblins
  3 quokkas
  7 ball pythons
  6 frilled lizards
  5 goblins
  5 kobolds
  5 rats
59 creatures vanquished.

Notes
Turn   | Place    | Note
-------+----------+-------------------------------------------
     0 | D:1      | horus123 the Demigod Earth Elementalist began the quest for
                  | the Orb.
     0 | D:1      | Reached XP level 1. HP: 14/14 MP: 5/5
   261 | D:1      | Reached skill level 2 in Spellcasting
   443 | D:1      | Reached XP level 2. HP: 10/20 MP: 5/8
   619 | D:1      | Reached skill level 3 in Spellcasting
   865 | D:1      | Reached XP level 3. HP: 7/26 MP: 2/10
  1545 | D:2      | Noticed Terence
  1977 | D:2      | Learned a level 3 spell: Stone Arrow
  2272 | D:2      | Killed Terence
  2273 | D:2      | Reached XP level 4. HP: 23/33 MP: 5/12
  2410 | D:2      | Reached skill level 4 in Spellcasting
  3081 | D:3      | Found Fiantaw's Antique Weapon Boutique.
  3084 | D:3      | Bought a glowing halberd for 133 gold pieces
  3216 | D:4      | Identified the +0 pair of gloves of Vanity {Int+2 Stlth+}
  3251 | D:4      | Noticed Robin
  3290 | D:4      | Slain by a hobgoblin

Illustrated notes

Levels and vault maps discovered:
D:1:      eino_arrival_cavern_e, layout_basic, grunt_decor_mini_mirrors,
          serial_bayou_pond_d
D:2:      layout_basic, uniq_terence
D:3:      layout_basic, serial_shops, nicolae_shop_behind_doors
D:4:      layout_gridville, uniq_robin

Skill      XL: |  1  2  3  4 |
---------------+-------------+-----
Spellcasting   | 2 3 4 |  4.0
Earth Magic    | 3 |  3.0
Dodging        | |  1.7
Stealth        | |  1.7
Transmutations | |  0.8

Action                     |  1- 3 |  4- 6 || total
---------------------------+-------+-------++-------
  Melee: Unarmed           |     2 |       ||     2
         Halberd           |       |    14 ||    14
   Cast: Sandblast         |    74 |    12 ||    86
    Use: Potion            |       |     2 ||     2
   Stab: Sleeping          |       |     3 ||     3
 Armour: Robe              |    30 |    39 ||    69
  Dodge: Dodged            |    33 |    41 ||    74

Table legend: (Time is in decaauts)
 A = Elapsed time spent in this place.
 B = Non-inter-level travel time spent in this place.
 C = Inter-level travel time spent in this place.
 D = Time resting spent in this place.
 E = Time spent auto-exploring this place.
 F = Levels seen in this place.
 G = Mean time per level.
                   A        B        C        D        E       F      G
               +--------+--------+--------+--------+--------+-----+--------+
         Total |   3338 |   3226 |    112 |     62 |   2601 |   4 |  834.5 |
       Dungeon |   3338 |   3226 |    112 |     62 |   2601 |   4 |  834.5 |
               +--------+--------+--------+--------+--------+-----+--------+

Top non-repeatable levels by time:
     D:1: 1566 daAuts
     D:2: 1113 daAuts
     D:3: 541 daAuts
     D:4: 117 daAuts
